 Dungeon Crawl Stone Soup version 0.27-a0-899-ge2d0b17c59 (webtiles) character file.

Game seed: 2620174586013649899

23461 mhtbhm the Spear-Bearer (level 12, -2/110 HPs)
             Began as a Red Draconian Berserker on Apr 5, 2021.
             Was a High Priest of Trog.
             Slain by a tengu warrior
             ... wielding a +1 battleaxe of freezing
              (4 damage)
             ... on level 13 of the Dungeon.
             The game lasted 00:17:39 (18280 turns).

mhtbhm the Spear-Bearer (Red Draconian Berserker)  Turns: 18280, Time: 00:17:39

Health: -2/110     AC: 17    Str: 28    XL:     12   Next: 72%
Magic:  12/12      EV: 14    Int:  8    God:    Trog [*****.]
Gold:   602        SH:  0    Dex: 11    Spells: 11/11 levels left

rFire    + . .     SeeInvis +   k - +2 demon trident (elec)
rCold    . . .     Faith    .   (no shield)
rNeg     . . .     Spirit   .   (armour unavailable)
rPois    .         Reflect  .   (helmet restricted)
rElec    .         Harm     .   h - +0 cloak
rCorr    +         Rampage  .   H - +1 pair of gloves
Will     .....                  g - +0 pair of boots
Stlth    ++++......             p - amulet of the acrobat
HPRegen  0.28/turn              u - ring "Kaquille" {+Blink rCorr Str+4 SInv}
MPRegen  0.13/turn              v - +4 ring of protection

@: berserk cooldown, slowed, studying Bows, very slow
A: breathe fire, AC +8, unfitting armour, fire resistance 1, cold-blooded,
screaming 1, shaggy fur 1
a: Breathe Fire, Renounce Religion, Evoke Blink, Berserk, Trog's Hand, Brothers
in Arms


You were on level 13 of the Dungeon.
You worshipped Trog.
Trog was extremely pleased with you.
You visited 1 branch of the dungeon, and saw 13 of its levels.
You also visited: Bailey.

You collected 686 gold pieces.
You spent 84 gold pieces at shops.

Inventory:

Hand Weapons
 a - a +0 trident
 k - a +2 demon trident of electrocution (weapon)
Missiles
 m - a curare-tipped dart
 n - 8 atropa-tipped darts
Armour
 g - a +0 pair of boots (worn)
 h - a +0 cloak (worn)
 H - a +1 pair of gloves (worn)
Jewellery
 e - a ring of positive energy
 o - a ring of willpower
 p - an amulet of the acrobat (around neck)
 u - the ring "Kaquille" (left hand) {+Blink rCorr Str+4 SInv}
   (You acquired it on level 7 of the Dungeon)

   [ring of resist corrosion]

   It affects your strength (+4).
   It lets you see invisible.
   It lets you blink.
   It protects you from acid and corrosion.
 v - a +4 ring of protection (right hand)
 A - a ring of protection from cold
Wands
 l - a wand of digging (3)
 r - a wand of iceblast (2)
 E - a wand of paralysis (5)
Scrolls
 c - a scroll of fog
 d - 7 scrolls of fear
 f - a scroll of brand weapon
 i - 4 scrolls of teleportation
 w - 2 scrolls of magic mapping {unknown}
 x - a scroll of silence {unknown}
 G - a scroll of immolation
Potions
 j - 5 potions of attraction
 q - 6 potions of heal wounds {unknown}
 s - a potion of magic {unknown}
 t - 2 potions of haste
 z - a potion of experience {unknown}
 B - 5 potions of curing {unknown}
 F - a potion of lignification {unknown}


   Skills:
 + Level 11.4 Fighting
 + Level 14.5 Polearms
 + Level 7.9 Dodging
 + Level 8.0 Stealth
 + Level 3.5 Unarmed Combat
 + Level 2.1 Evocations


You had 11 spell levels left.
You didn't know any spells.
Your spell library was empty.

Dungeon Overview and Level Annotations

Branches:
Dungeon (13/15)            Temple (0/1) D:7            Lair (0/6) D:11
    Orc (0/2) D:10         Bailey (visited)
 Vaults: D:13-14

Altars:
Ashenzari
Cheibriados
Elyvilon
Kikubaaqudgha
Nemelex Xobeh
Okawaru
Sif Muna
Uskayaw
Wu Jian

Shops:
D:4 *(![?

Annotations:
D:11 1 runed translucent door


Innate Abilities, Weirdness & Mutations

You can breathe blasts of fire.
Your fiery red scales are hard. (AC +8)
You cannot fit into any form of body armour.
Your flesh is heat resistant. (rF+)
You are cold-blooded and may be slowed by cold attacks.
You occasionally shout uncontrollably at your foes.
You are covered in fur. (AC +1)


Message History

You hit the tengu warrior but do no damage.
You tail-slap the tengu warrior. Your punch misses the tengu warrior.
The tengu warrior is moderately wounded.
Your ogre misses the tengu warrior.
The tengu warrior hits you but does no damage.
The tengu warrior hits your ogre with a +1 battleaxe of freezing!!
The tengu warrior freezes your ogre.
Your ogre dies!
Your ogre's corpse disappears in a puff of smoke!
The tengu warrior closely misses you.
The tengu warrior claws you but does no damage.
The tengu conjurer hits you.
The tengu conjurer pecks you but does no damage.
The tengu conjurer claws you but does no damage.
Unknown command.
You miss the tengu warrior.
The tengu warrior is moderately wounded.
The tengu warrior hits you but does no damage.
The tengu warrior closely misses you.
The tengu warrior claws you but does no damage.
You impale the tengu warrior!!
The tengu warrior is severely wounded.
The tengu conjurer hits you but does no damage.
The tengu conjurer pecks you but does no damage.
The tengu conjurer completely misses you.
The tengu warrior hits you with a +1 battleaxe of freezing!
You feel as though you will be slow longer.
The tengu warrior freezes you. The tengu warrior closely misses you.
The tengu warrior claws you but does no damage.
You miss the tengu warrior.
The tengu warrior is severely wounded.
The tengu conjurer hits you but does no damage.
The tengu conjurer pecks you but does no damage.
The tengu conjurer claws you but does no damage.
The tengu warrior hits you with a +1 battleaxe of freezing!!
* * * LOW HITPOINT WARNING * * *
The tengu warrior freezes you!
* * * LOW HITPOINT WARNING * * *
The tengu warrior pecks you.
You die...

## ##.## #....#
##.....#
##*.....#
##.......# .
#........#..
##@Q........#
#..Q.......#
#....$....#
#.........#
##.........#
....#......(..#
###............
##..#........
#..##...###.


You could see a tengu warrior, a tengu conjurer and a battlesphere.

Vanquished Creatures
  Kirke (D:12)
  A hydra (D:12)
  A boulder beetle (D:12)
  2 two-headed ogres
  Pikel (D:5)
  A deep elf pyromancer (D:12)
  The ghost of Zeld the Conjurer, a novice HuCj (D:5)
  3 ugly things
  An orc knight (Bailey)
  Maurice (D:9)
  A gargoyle (D:10)
  3 komodo dragons
  3 trolls (D:11)
  Prince Ribbit (D:7)
  8 slime creatures (D:12)
  2 shadows
  3 wyverns
  2 wraiths
  2 hogs (D:12)
  2 vampires
  A basilisk (D:11)
  26 yaks
  A steam dragon (D:11)
  3 vampire mosquitoes
  A water moccasin (D:8)
  An acid dragon (D:8)
  A hornet zombie (D:7)
  2 ice beasts (D:6)
  20 orc warriors
  A black bear (D:4)
  A sky beast (D:5)
  7 ogres
  A lemure (D:5)
  2 centaurs (D:9)
  A phantom (D:4)
  A kobold brigand (D:7)
  3 bullfrogs
  9 scorpions
  An electric eel (D:6)
  A howler monkey (D:10)
  A bullfrog zombie (D:5)
  6 centaur zombies
  An iron imp (D:3)
  A jelly (D:5)
  6 orc priests
  4 hounds
  A bullfrog skeleton (D:6)
  A centaur skeleton (D:7)
  A gnoll shaman (D:7)
  4 iguanas
  Terence (D:2)
  Jessica (D:2)
  7 orc wizards
  Ijyb (D:5)
  5 gnolls (D:7)
  6 adders
  An ufetubus (D:5)
  3 worms
  2 dart slugs
  53 orcs
  6 bats
  5 endoplasms
  8 giant cockroaches
  8 goblins
  4 hobgoblins
  6 jackals
  4 quokkas
  9 ball pythons
  2 frilled lizards (D:1)
  11 kobolds
  6 rats
299 creatures vanquished.

Vanquished Creatures (others)
  A human (D:12)
  A sky beast (D:8)
  An orc (D:8)
  5 plants (D:7)
8 creatures vanquished.

Grand Total: 307 creatures vanquished

Notes
Turn   | Place    | Note
-------+----------+-------------------------------------------
     0 | D:1      | mhtbhm the Draconian Berserker began the quest for the Orb.
     0 | D:1      | Reached XP level 1. HP: 19/19 MP: 1/1
    80 | D:1      | Found a faded altar of an unknown god.
    98 | D:1      | Reached XP level 2. HP: 25/26 MP: 2/2
   675 | D:2      | Noticed Jessica
   680 | D:2      | Killed Jessica
   681 | D:2      | Reached XP level 3. HP: 24/33 MP: 3/3
  1083 | D:2      | Reached ** piety under Trog
  1187 | D:2      | Reached XP level 4. HP: 35/40 MP: 4/4
  1247 | D:2      | Reached skill level 4 in Polearms
  1561 | D:2      | Noticed Terence
  1576 | D:2      | Killed Terence
  2109 | D:3      | Found a snail-covered altar of Cheibriados.
  2121 | D:3      | Reached XP level 5. HP: 41/46 MP: 5/5
  2327 | D:3      | Reached skill level 1 in Stealth
  2863 | D:3      | Found a sparkling altar of Nemelex Xobeh.
  3070 | D:3      | Found a shimmering blue altar of Sif Muna.
  3086 | D:3      | Gained mutation: You tend to lose your temper in combat.
                  | [potion of mutation]
  3086 | D:3      | Gained mutation: You have very sharp teeth. [potion of
                  | mutation]
  4195 | D:4      | Noticed a phantom
  4213 | D:4      | Killed a phantom
  4214 | D:4      | Reached XP level 6. HP: 37/53 MP: 6/6
  4469 | D:4      | Found Kiyrymna's Antique Armour Emporium.
  4503 | D:4      | Found Osyasmut's Magic Scroll Shop.
  4512 | D:4      | Bought a scroll of identify for 28 gold pieces
  4512 | D:4      | Bought a scroll of identify for 28 gold pieces
  4512 | D:4      | Bought a scroll of identify for 28 gold pieces
  4595 | D:4      | Reached skill level 5 in Polearms
  4895 | D:4      | Found Nazos's Distillery.
  4974 | D:4      | Found a broken altar of Ashenzari.
  4982 | D:4      | Found Joaxzoff's Weapon Shoppe.
  5008 | D:4      | Found Morhud's Assorted Antiques.
  5145 | D:5      | Entered Level 5 of the Dungeon
  5157 | D:5      | Reached skill level 5 in Fighting
  5259 | D:5      | Your scales start taking on a fiery red colour.
  5259 | D:5      | Reached XP level 7. HP: 36/61 MP: 7/7
  5259 | D:5      | Gained mutation: Your flesh is heat resistant. (rF+) [Red
                  | Draconian growth]
  5396 | D:5      | Noticed Ijyb
  5408 | D:5      | Killed Ijyb
  5600 | D:5      | Found a transporter.
  5603 | D:5      | Noticed Zeld's ghost (novice HuCj)
  5604 | D:5      | Identified the +6 dire flail "Tattletale" {venom, rC+}
  5615 | D:5      | Reached *** piety under Trog
  5637 | D:5      | Found a transporter.
  5717 | D:5      | Noticed Pikel
  5730 | D:5      | Killed Pikel
  5731 | D:5      | Reached skill level 7 in Polearms
  5731 | D:5      | Reached skill level 5 in Dodging
  5731 | D:5      | Reached XP level 8. HP: 55/70 MP: 8/8
  5918 | D:5      | Killed Zeld's ghost
  5919 | D:5      | Reached skill level 8 in Polearms
  5919 | D:5      | Reached skill level 1 in Evocations
  6630 | D:5      | Reached XP level 9. HP: 68/78 MP: 9/9
  7140 | D:6      | Reached skill level 9 in Polearms
  7311 | D:7      | Noticed Prince Ribbit
  7325 | D:7      | Found a staircase to the Ecumenical Temple.
  7348 | D:7      | Identified 2 scrolls of acquirement
  7348 | D:7      | Acquired the ring "Kaquille" {+Blink rCorr Str+4 SInv}
  7352 | D:7      | Acquired a +1 demon trident of electrocution
  7502 | D:7      | Found a flagged portal.
  7511 | D:7      | Killed Prince Ribbit
  7683 | Bailey   | Entered a bailey
  8446 | Bailey   | Reached skill level 10 in Polearms
  8934 | Bailey   | Identified the +5 executioner's axe of the People {vorpal,
                  | +Blink}
  8935 | Bailey   | Noticed an orc knight
  8939 | Bailey   | Reached **** piety under Trog
  8944 | Bailey   | Killed an orc knight
  8945 | Bailey   | Reached skill level 5 in Stealth
  8945 | Bailey   | Reached XP level 10. HP: 80/88 MP: 10/10
  9631 | D:6      | Found the +27 Lear's hauberk
  9773 | D:6      | Found a white marble altar of Elyvilon.
 10015 | D:6      | Reached skill level 11 in Polearms
 10226 | D:6      | Found an ancient bone altar of Kikubaaqudgha.
 10400 | D:7      | Found a hide-covered altar of Uskayaw.
 11759 | D:9      | Noticed Maurice
 11770 | D:9      | Killed Maurice
 11770 | D:9      | Reached ***** piety under Trog
 11941 | D:9      | Reached skill level 12 in Polearms
 12467 | D:10     | Entered Level 10 of the Dungeon
 12639 | D:10     | Reached XP level 11. HP: 93/95 MP: 11/11
 13148 | D:10     | Found a staircase to the Orcish Mines.
 13261 | D:10     | Found a large runed translucent door.
 13267 | D:10     | Found a large runed translucent door.
 13705 | D:10     | Found an ornate altar of the Wu Jian Council.
 13720 | D:10     | Found an iron altar of Okawaru.
 13720 | D:10     | Noticed a two-headed ogre
 13729 | D:10     | Killed a two-headed ogre
 14192 | D:11     | Noticed a white ugly thing
 14202 | D:11     | Killed a white ugly thing
 14451 | D:11     | Reached skill level 13 in Polearms
 14553 | D:11     | Received a gift from Trog
 14609 | D:11     | Found a staircase to the Lair.
 14794 | D:11     | Reached skill level 10 in Fighting
 14831 | D:11     | Noticed a cyan ugly thing
 15148 | D:11     | Found a runed translucent door.
 15150 | D:11     | Found a runed translucent door.
 15244 | D:11     | Killed a cyan ugly thing
 15553 | D:11     | Reached XP level 12. HP: 107/107 MP: 12/12
 15923 | D:12     | Lost mutation: You tend to lose your temper in combat.
                  | [potion of mutation]
 15923 | D:12     | Lost mutation: You have very sharp teeth. [potion of
                  | mutation]
 15923 | D:12     | Gained mutation: You occasionally shout uncontrollably at
                  | your foes. [potion of mutation]
 15923 | D:12     | Gained mutation: You are covered in fur. (AC +1) [potion of
                  | mutation]
 15998 | D:12     | Noticed Kirke
 16117 | D:12     | Killed Kirke
 16118 | D:12     | Reached skill level 14 in Polearms
 16118 | D:12     | Reached skill level 1 in Unarmed Combat
 16573 | D:12     | Noticed a four-headed hydra
 17037 | D:12     | Killed a four-headed hydra
 17398 | D:12     | Noticed a boulder beetle
 17416 | D:12     | Killed a boulder beetle
 17973 | D:12     | Noticed a two-headed ogre
 17985 | D:12     | Killed a two-headed ogre
 18263 | D:13     | Noticed a tengu warrior
 18280 | D:13     | HP: 2/110 [tengu warrior/+1 battleaxe of freezing (10)]
 18280 | D:13     | Slain by a tengu warrior

Illustrated notes

Levels and vault maps discovered:
D:1:      amcnicky_arrival_choice, layout_rooms, basic_ecumenical_altar
D:2:      layout_loops_ring, uniq_jessica, uniq_terence
D:3:      layout_basic, led_sif_book, nemelex_xobeh_ov_fountains_minmay,
          slow_altar_1
D:4:      layout_basic, kennysheep_mini_moat, serial_shops, shop_statue, shop,
          shop, shop, nicolae_shop_behind_doors
D:5:      layout_gridville, gammafunk_ghost_smash, uniq_ijyb, uniq_pikel
D:6:      layout_basic, lemuel_coloured_pillars_altar, elyvilon_altar_1,
          nrook_pool_corridor
D:7:      layout_basic, kennysheep_little_box,
          minmay_temple_entry_gardened_gates, enter_bailey_3,
          uniq_prince_ribbit1
D:8:      layout_basic
D:9:      layout_loops_ring, serial_aquarium, aquarium_bridge_square
          [aquarium_subvault_bridge, aquarium_subvault_bridge,
          aquarium_subvault_bridge, aquarium_subvault_wall],
          aquarium_window_fake, aquarium_window_corridor_1, aquarium_view_2f,
          aquarium_view_2a, aquarium_balcony_1b, corner_web_ring, uniq_maurice
D:10:     layout_cave_pods, jmf_multi_god_temple2, orc_0_dummy,
          nicolae_benzene_ring
D:11:     lemuel_insect_pit, layout_long_grid, erik_lair_dragon
D:12:     layout_layer_cave, uniq_kirke
D:13:     layout_cave_pods, erik_vaults_2

Skill      XL: |  1  2  3  4  5  6  7  8  9 10 11 12 |
---------------+-------------------------------------+-----
Dodging        | 3 4 5 6 7 |  7.9
Fighting       | 4 5 6 7 8 10 11 | 11.4
Polearms       | 4 5 7 8 10 12 13 14 | 14.5
Stealth        | 1 2 3 5 6 7 8 |  8.0
Evocations     | 1 2 |  2.1
Unarmed Combat | 3 |  3.5

Action                   |  1- 3 |  4- 6 |  7- 9 | 10-12 || total
-------------------------+-------+-------+-------+-------++-------
Melee: Spear             |   100 |   223 |       |       ||   323
       Tailslap          |     8 |    33 |    16 |    93 ||   150
       Bite              |       |     5 |    11 |    30 ||    46
       Trident           |       |    12 |   120 |       ||   132
       Demon trident     |       |       |    71 |   492 ||   563
       Unarmed           |       |       |       |    29 ||    29
       Punch             |       |       |       |     3 ||     3
Invok: Berserk           |     2 |     6 |     7 |    12 ||    27
       Brothers in Arms  |       |       |       |     1 ||     1
 Abil: Breathe Fire      |       |       |     4 |     3 ||     7
Evoke: Wand              |       |       |    11 |       ||    11
  Use: Potion            |       |     1 |     1 |     1 ||     3
       Scroll            |       |     4 |    10 |     2 ||    16
 Stab: Sleeping          |     1 |     4 |     7 |    17 ||    29
       Distracted        |       |       |     1 |       ||     1
Armor: Skin              |    21 |    64 |    33 |    84 ||   202
Dodge: Dodged            |    45 |   117 |   147 |   155 ||   464

Table legend: (Time is in decaauts)
 A = Elapsed time spent in this place.
 B = Non-inter-level travel time spent in this place.
 C = Inter-level travel time spent in this place.
 D = Time resting spent in this place.
 E = Time spent auto-exploring this place.
 F = Levels seen in this place.
 G = Mean time per level.
                   A        B        C        D        E       F      G
               +--------+--------+--------+--------+--------+-----+--------+
         Total |  18306 |  18056 |    250 |   6618 |   8837 |  14 | 1307.6 |
       Dungeon |  16798 |  16548 |    250 |   5684 |   8519 |  13 | 1292.2 |
        Bailey |   1507 |   1507 |      0 |    933 |    318 |   1 | 1507.0 |
               +--------+--------+--------+--------+--------+-----+--------+

Top non-repeatable levels by time:
    D:12: 2317 daAuts
    D:11: 1998 daAuts
     D:5: 1873 daAuts
     D:3: 1852 daAuts
  Bailey: 1507 daAuts
     D:2: 1475 daAuts
    D:10: 1439 daAuts
     D:7: 1259 daAuts
     D:4: 1200 daAuts
     D:9: 1072 daAuts
     D:6: 997 daAuts
     D:1: 653 daAuts
     D:8: 639 daAuts
    D:13: 20 daAuts
